Unix NetHack Version 3.7.0-71 Work-in-progress - last build Jan 31 2023 02:41:03 (7ba98a1283f2b7cec35fde026edb48fc825ab8ae,branch:master). Game began 2023-02-04 22:23:41, ended 2023-02-09 21:24:28. Imanity, chaotic male elven Ranger --------- |.......| ----- |.......| ----- ..1| |..._...| |... ---------..-- ---- |....%..| --..--------- 5|...@...|..4-- --.... | |.......| | --...|.......| |......@|.151---...... |. ----%---- .| ..---.%..|.%.....| 4|..@@...-aaa).-AA@@.AA |.............| ..%..%%.%)%%%.%_...| 5|...B...|.41.---....... ---.........--- ......---...%|.......| |.....V.|.1.-- --...... -----%----- .....- --...|.......| 5---------..-- ----.-- ) -@--- --..--------- 5 1 ...| .%. @ .. ---...- |... ----- |....... a. |.....H.A.. ----- . .. --N.....AAA . . --..)A.... ..D --V----... ........... -------- Imanity the Sharpshooter St:25 Dx:14 Co:16 In:13 Wi:17 Ch:7 Chaotic S:1519162 Astral Plane $:0 HP:191(191) Pw:176(176) AC:-51 Xp:26/60100140 T:64156 Fly Latest messages: The renegade priest of Mars swings his mace. The renegade priest of Mars just misses! The renegade priest of Mars misses! The renegade priest of Mars points at you, then curses. The Angel of Moloch points at you, then curses. "Hold! Thy face is a most exquisite torture!" The Angel of Moloch points at you, then curses. You kill the giant beetle! The killer bee strikes at thin air! The soldier ant misses! The soldier ant just misses! The winged gargoyle vanishes. Death rises from the dead in a whirl of spectral skulls! You see here a giant beetle corpse. The fire ant attacks a spot beside you. The killer bee just misses! The fire ant attacks a spot beside you. The renegade priest of Mars swings his mace. The renegade priest of Mars misses! The renegade priest of Mars misses! The renegade priest of Mars casts a spell at you! You feel momentarily dizzy. The Angel of Moloch points at you, then curses. "Thinkest thou it shall tickle as I rip out thy lungs?" The killer bee misses! The high priest intones: "Pilgrim, you enter a sacred place!" The priestess of Mercury wields a mace! The mace welds itself to the priestess of Mercury's hand! The Angel of Moloch points at you, then curses. The Angel of Moloch points at you, then curses. The vampire bat turns to flee. Death moves the fire ant out of the way! The vampire lady turns to flee. The priestess of Venus turns to flee. The priestess of Mercury turns to flee. You hear a chugging sound. There is a high altar to Mars (chaotic) here. What do you want to sacrifice? [B or ?*] ? You offer the Amulet of Yendor to Mars... An invisible choir sings, and you are bathed in radiance... The voice of Mars booms out: "Mortal, thou hast done well!" "In return for thy service, I grant thee the gift of Immortality!" You ascend to the status of Demigod... Do you want your possessions identified? [ynq] (y) y Do you want to see your attributes? [ynq] (y) y Do you want an account of creatures vanquished? [ynaq] (y) y Do you want a list of species genocided and extinct? [ynq] (y) y Do you want to see your conduct and achievements? [ynq] (y) y Do you want to see the dungeon overview? [ynq] (y) y Inventory: Amulets q - an uncursed amulet of flying (being worn) Weapons g - 7 blessed rustproof +7 daggers (at the ready) t - a blessed rustproof +7 dagger (weapon in hand) Armor R - an uncursed rustproof +4 helmet (being worn) x - a blessed rustproof +4 pair of gauntlets of power (being worn) A - a blessed fireproof +5 pair of speed boots (being worn) e - a blessed +5 shield of reflection (being worn) F - a blessed fireproof +5 cloak of protection (being worn) S - a blessed fireproof +4 T-shirt with text "Oracle(TM) Fountains 10th Annual Wet T-Shirt Contest" (being worn) Y - a blessed +5 gray dragon scale mail (being worn) Comestibles D - an uncursed partly eaten food ration Rings E - a cursed ring of free action (on left hand) b - a blessed +3 ring of protection (on right hand) Wands K - a cursed wand of death (1:1) V - a cursed wand of digging (0:2) W - a cursed wand of digging named Chargeless (0:0) d - a cursed wand of slow monster (0:6) i - a cursed wand of teleportation (0:1) Tools f - a blessed bag of holding containing 65 items P - the cursed Bell of Opening (0:1) y - an uncursed magic lamp (lit) O - the blessed Master Key of Thievery w - an uncursed skeleton key s - an uncursed stethoscope C - a blessed moist towel Q - a blessed +0 unicorn horn Gems/Stones T - a blessed luckstone a - a blessed touchstone Contents of the bag of holding: an uncursed amulet of life saving an uncursed amulet of magical breathing 358 blessed poisoned +6 arrows a +6 elven bow named All res 9 protection the blessed +0 Longbow of Diana 3 blessed rustproof +7 daggers a +0 bullwhip the blessed rustproof +1 Sunsword an uncursed fireproof +0 mummy wrapping an uncursed +0 oilskin cloak 2 uncursed food rations 6 uncursed lembas wafers 2 uncursed tripe rations 3 uncursed lizard corpses a blessed scroll of charging 2 uncursed scrolls of fire 2 blessed scrolls of gold detection an uncursed scroll of gold detection an uncursed scroll of magic mapping an uncursed scroll of scare monster 7 uncursed scrolls of teleportation 4 cursed scrolls of teleportation a cursed potion of confusion a blessed potion of extra healing a blessed potion of full healing 4 blessed potions of gain ability a cursed potion of gain level 5 uncursed potions of paralysis 3 blessed potions of restore ability 2 uncursed potions of sickness 9 potions of holy water an uncursed ring of polymorph control a blessed wand of cold (0:8) a wand of cold (0:6) a wand of cold (0:0) a wand of death (0:5) a wand of digging (0:8) a wand of digging (0:7) a wand of digging (0:7) a wand of digging (0:6) a wand of digging (0:5) a wand of digging (0:5) a wand of digging (0:5) a wand of digging (0:4) a wand of digging (0:3) a wand of digging (0:3) a blessed wand of fire (0:6) a wand of lightning (0:7) a wand of lightning (0:4) a wand of lightning (0:4) a wand of lightning (0:3) a wand of magic missile (0:3) a wand of magic missile (0:0) a wand of polymorph (0:8) a wand of secret door detection (0:10) a wand of slow monster (0:5) a blessed wand of teleportation (0:8) a wand of teleportation (0:3) a blessed figurine of a storm giant a blessed figurine of an Archon an uncursed leash a magic marker (1:23) a +0 pick-axe a blessed tinning kit (0:41) a blessed +0 unicorn horn Imanity the Ranger's attributes: Background: You were a Sharpshooter, a level 26 male elven Ranger. You were chaotic, on a mission for Mars who was opposed by Mercury (lawful) and Venus (neutral). You were in the endgame, on the Astral Plane. You entered the dungeon 64156 turns ago. You had 60100140 experience points, 9899860 more were needed for level 27. Your score was 1519162 before end-of-game adjustments. Basics: You had all 191 hit points. You had all 176 energy points (spell power). Your armor class was -51. Your wallet was empty. Autopickup was off. Final Characteristics: Your strength was 25 (base:18, innate limit:18). Your dexterity was 14 (peak:16, limit:18). Your constitution was 16 (limit:16). Your intelligence was 13 (limit:20). Your wisdom was 17 (limit:20). Your charisma was 7 (limit:18). Final Status: You were flying. You were not hungry. You were unencumbered. You were wielding a dagger. You had expert skill with dagger. Final Attributes: You were piously aligned. You were magic-protected. You were fire resistant. You were cold resistant. You were sleep resistant. You were disintegration resistant. You were shock resistant. You were poison resistant. You saw invisible. You were telepathic. You were warned. You had automatic searching. You had infravision. You were invisible to others. You were stealthy. You could teleport. You had teleport control. You had a large defense bonus (+12). You were protected. You took half physical damage. You were very fast. You had reflection. You had free action. You were extremely lucky. You had extra luck. Good luck did not time out for you. You survived. Miscellaneous: You disabled loading of bones levels. Total elapsed playing time was 1 day, 6 hours, 31 minutes and 21 seconds. Major events: Turn 1: Imanity the chaotic male elven Ranger entered the dungeon 945: attained the rank of Lookout (level 3) 1670: entered the Gnomish Mines 3572: attained the rank of Trailblazer (level 6) 4209: entered Sokoban 5859: reached Mine Town 11318: completed 1st Sokoban level 12125: completed 2nd Sokoban level 12625: completed 3rd Sokoban level 14010: completed 4th Sokoban level 14092: attained the rank of Reconnoiterer (level 10) 14188: acquired the Sokoban amulet of reflection 22885: acquired the Mines' End luckstone 26657: was bestowed with Orcrist by Mars 29032: made his first wish - "blessed master key of thievery", got "a key named the Master Key of Thievery" 32169: killed Croesus 33811: entered Gehennom 33848: attained the rank of Scout (level 14) 34870: killed Medusa 41836: wished for "uncursed magic marker", got "a magic marker" 41998: wished for "blessed greased bag of holding", got "a greased bag" 42003: wished for "blessed greased fireproof +2 cloak of protection", got "a greased tattered cape" 42112: performed his first genocide (class L) 42113: genocided class h 42114: genocided class R 42116: genocided class e 42513: wished for "blessed amulet of flying", got "a triangular amulet" 42830: wished for "uncursed magic marker", got "a magic marker" 43392: wished for "uncursed magic marker", got "a magic marker" 44317: was bestowed with Fire Brand by Mars 46565: attained the rank of Arbalester (level 18) 48616: attained the rank of Archer (level 22) 50386: found the Longbow of Diana on the floor 50401: killed Scorpius 50402: acquired the Bell of Opening 59585: found Sunsword carried by a monster 59752: destroyed Vlad the Impaler 59754: acquired the Candelabrum of Invocation 60058: killed Orcus 60785: killed the Wizard of Yendor 60813: acquired the Book of the Dead 60958: performed the invocation 61173: killed the high priest of Moloch 61178: acquired The Amulet of Yendor 61269: attained the rank of Sharpshooter (level 26) 61640: found Giantslayer on the floor 62247: killed Juiblex 62343: killed the Wizard of Yendor (2nd time) 62590: killed the Wizard of Yendor (3rd time) 62611: killed Asmodeus 63470: killed the Wizard of Yendor (5th time) 63533: entered the Elemental Planes 63533: entered Plane of Earth 63582: entered Plane of Air 63788: entered Plane of Fire 63864: entered Plane of Water 63865: genocided class ; 63938: entered the Astral Plane 63955: killed Pestilence 63971: killed the high priestess (2nd time) 63996: killed Pestilence (2nd time) 64049: killed Death 64069: killed Death (2nd time) 64103: killed Death (3rd time) 64120: killed Death (5th time) 64156: ascended Vanquished creatures: Asmodeus Orcus Juiblex the Wizard of Yendor (6 times) Death (6 times) Pestilence (twice) Vlad the Impaler 2 high clerics 4 mastodons Medusa Croesus 15 krakens 5 Archons 5 iron golems a ki-rin 3 storm giants 5 titans 2 glass golems 6 balrogs 5 purple worms 13 gray dragons 3 gold dragons 3 silver dragons 2 red dragons 7 white dragons 6 orange dragons 6 black dragons 5 blue dragons 4 green dragons 2 yellow dragons 17 minotaurs 3 jabberwocks Scorpius 8 baluchitheria 10 Angels 5 stone golems 6 Olog-hai 3 Nazgul 8 pit fiends 6 hell hounds 4 displacer beasts 6 titanotheres 8 trappers a baby white dragon 5 guardian nagas 4 genetic engineers 32 vampire leaders 10 aligned clerics 5 captains 3 shades 4 liches 2 clay golems 6 nurses 4 ice devils 4 nalfeshnees 4 lurkers above 5 Aleaxes 4 ettins 2 golden nagas 10 black puddings 19 vampires 7 lieutenants 34 ghosts a cleric a ranger a queen bee 3 winged gargoyles 5 giant mimics 8 long worms 9 zruties 16 fire giants 6 ogre tyrants 14 ice trolls 14 rock trolls 13 umber hulks 5 flesh golems 5 elven monarchs 3 doppelgangers 7 hezrous 10 bone devils 3 large mimics 2 wumpuses 5 fire vortices 2 couatls 21 stalkers 11 air elementals 8 fire elementals 2 earth elementals 4 water elementals 5 hill giants 6 giant mummies 3 black nagas 8 xorns 17 giant zombies 6 elf-nobles 24 sergeants a water demon 10 barbed devils 14 vrocks 7 salamanders 8 wargs 3 winter wolves 4 hell hound pups 10 small mimics 5 glass piercers 13 warhorses 5 steam vortices 16 xans 2 ettin mummies 5 ogre leaders 7 quantum mechanics 49 trolls a sasquatch 3 wood golems 3 erinyes 3 mariliths 2 djinn 8 sharks 8 electric eels 10 gelatinous cubes 3 pyrolisks 5 large dogs a freezing sphere 5 flaming spheres 2 shocking spheres 3 large cats 7 tigers 8 gargoyles 4 dwarf rulers 6 tengu 6 ochre jellies 12 leocrottas 5 energy vortices 27 mountain centaurs 5 stone giants 2 elf mummies 7 human mummies 3 red nagas 3 green slimes 4 pythons 5 pit vipers 2 cobras 59 wraiths 9 carnivorous apes 12 ettin zombies 3 leather golems 3 Grey-elves 118 soldiers 3 watchmen 10 amorous demons 7 horned devils 8 chameleons 2 crocodiles 16 giant beetles 6 quivering blobs 25 cockatrices 10 wolves 24 winter wolf cubs 7 lynxes 2 panthers 14 gremlins 5 spotted jellies 23 leprechauns 4 orc-captains 8 iron piercers 3 mumakil 10 giant spiders 32 scorpions 5 horses 4 ice vortices 6 black lights 11 vampire bats 45 forest centaurs 5 gnome rulers 7 orc mummies 6 dwarf mummies 6 ogres 2 brown puddings 7 rust monsters 17 owlbears 7 yetis 7 gold golems a werewolf 5 Green-elves 6 piranha 20 giant eels 19 lizards 5 chickatrices 5 dingoes 4 dogs 5 housecats 10 jaguars 3 dwarf leaders 3 blue jellies 8 white unicorns 2 gray unicorns 2 black unicorns 5 dust vortices 41 ravens 20 plains centaurs 6 gnome mummies 10 snakes 13 water moccasins 9 apes 17 human zombies 7 rope golems 2 Woodland-elves 19 soldier ants 61 fire ants 26 bugbears an imp 3 quasits 10 wood nymphs 6 water nymphs 6 mountain nymphs 26 Mordor orcs 20 Uruk-hai 7 orc shamans 16 rock piercers 8 rock moles 10 ponies 11 fog clouds 15 yellow lights 3 shriekers 6 violet fungi 24 gnome leaders 9 gnomish wizards 6 kobold mummies 2 red naga hatchlings 13 gray oozes 3 barrow wights 24 elf zombies 14 ghouls 4 straw golems 4 paper golems 7 jellyfish a baby crocodile 56 giant ants 5 little dogs 13 floating eyes 7 kittens 30 dwarves 6 homunculi 8 kobold leaders 5 kobold shamans 48 hill orcs 18 rothes a rabid rat 6 centipedes 8 giant bats a Kop Sergeant a monkey 16 orc zombies 13 dwarf zombies 5 wererats 2 werejackals 15 iguanas 90 killer bees 5 acid blobs 3 coyotes 3 gas spores 11 hobbits 12 manes 6 large kobolds 22 hobgoblins 10 giant rats 11 cave spiders a yellow mold 2 green molds 2 red molds 71 gnomes 12 garter snakes 11 gnome zombies 20 geckos 11 jackals 4 foxes 6 kobolds 13 goblins 7 sewer rats 6 grid bugs 8 bats 8 lichens 11 kobold zombies 14 newts 2739 creatures vanquished. Genocided or extinct species: gas spores floating eyes freezing spheres flaming spheres shocking spheres hobbits dwarves bugbears dwarf leaders dwarf rulers mind flayers master mind flayers liches demiliches master liches arch-liches rust monsters disenchanters soldiers (extinct) erinyes (extinct) jellyfish piranha sharks giant eels electric eels krakens 24 species genocided. 2 species extinct. Voluntary challenges: You read items or engraved 158 times. You engraved Elbereth 17 times. You genocided 24 types of monsters. You used 7 wishes (1 for an artifact). You violated the special Sokoban rules once. Achievements: You attained the rank of Lookout. You entered the Gnomish Mines. You entered a shop. You attained the rank of Trailblazer. You entered Sokoban. You entered Minetown. You entered a temple. You attained the rank of Reconnoiterer. You completed Sokoban. You completed the Gnomish Mines. You entered Gehennom. You attained the rank of Scout. You defeated Medusa. You attained the rank of Arbalester. You attained the rank of Archer. You had the Bell of Opening. You handled the Candelabrum of Invocation. You handled the Book of the Dead. You gained access to Moloch's Sanctum. You attained the rank of Sharpshooter. You reached the Elemental Planes. You reached the Astral Plane. You delivered the Amulet of Yendor. You ascended! The Elemental Planes: Astral Plane: <- You are here. Many temples. Plane of Water: Plane of Fire: Plane of Air: Plane of Earth: The Dungeons of Doom: levels 1 to 27 Level 1: An altar, a sink, a grave. One way stairs up to The Elemental Planes. Level 2: Level 3: An altar to Mars. Level 4: Stairs down to The Gnomish Mines. Level 5: Oracle of Delphi. Level 6: "Former stash" A general store. Stairs up to Sokoban, level 5. Level 7: Level 8: "Pool" Some altars to Mars. Level 9: A general store, a sink. Level 10: Level 11: "Spare BoH" A temple to Mars. Level 12: An altar to Mars, a grave. Portal to The Quest. Level 13: "Levelporter" Level 14: Level 15: Some altars. Level 16: Portal to Fort Ludios. Level 17: Level 18: A primitive area. Level 19: Level 20: "vault" A temple to Mars, a fountain, a grave. Level 21: Level 22: "Levelport trap" A temple. Level 23: "vault" A temple to Mars. Level 24: A fountain. Level 25: A fountain, many trees. Level 26: Level 27: A fountain. The castle. Gehennom: levels 28 to 47 Level 28: A temple, many graves. Valley of the Dead. Level 29: Level 30: Level 31: Level 32: Level 33: A fountain. Level 34: Level 35: Level 36: Level 37: Level 38: An altar. Level 39: Level 40: Stairs up to Vlad's Tower, level 39. Level 41: Level 42: Level 43: Level 44: Level 45: "Levelporter" Level 46: Level 47: A temple, many graves. Moloch's Sanctum. The Gnomish Mines: levels 5 to 12 Level 5: Level 6: Level 7: Level 8: "Stash" Many shops, a temple, some trees. Level 9: Level 10: Level 11: Level 12: The Quest: levels 1 to 6 Level 1: Many trees. Completed quest for Orion. Level 2: Many trees. Level 3: Level 4: Level 5: Level 6: Sokoban: levels 5 up to 2 Level 2: Solved. Level 3: Solved. Level 4: Solved. Level 5: Solved. Fort Ludios: Level 1: "Stash" Vlad's Tower: levels 39 up to 37 Level 37: Level 38: Level 39: Goodbye Imanity the Demigod... You went to your reward with 3073774 points, Sunsword (worth 1500 zorkmids and 3750 points) The Longbow of Diana (worth 4000 zorkmids and 10000 points) The Master Key of Thievery (worth 3500 zorkmids and 8750 points) The Bell of Opening (worth 5000 zorkmids and 12500 points) 1 amulet of life saving (worth 150 zorkmids), 1 amulet of magical breathing (worth 150 zorkmids), 1 amulet of flying (worth 150 zorkmids), and 0 pieces of gold, after 64156 moves. You were level 26 with a maximum of 191 hit points when you ascended.